Map: Triton LE

Players

Cuddlebear

  • Race: Terran Terran
  • Spawn Location: 5:00

Zanster - Winner!

  • Race: Zerg Zerg
  • Spawn Location: 11:00

VOD

Have the link to the VOD?

Description

Time

  • Played on: Sept. 6, 2019, 12:26 p.m.
  • Length: 7:20
Show
View Real Time Build Order
Export as new Build Order

Cuddlebear Terran 

Build Orders: Reaper Expand 

Get SALT Encoding   

  12  0:01  SCV  
  13  0:13  SCV  
  14  0:18  Supply Depot  
  14  0:25  SCV  
  15  0:40  SCV  
  16  0:42  Barracks  
  16  0:48  Refinery  
  16  0:52  SCV  
  17  1:04  SCV  
  18  1:16  SCV  
  19  1:30  Orbital Command  
  19  1:31  Reaper  
  20  1:39  Command Center  
  20  1:50  Supply Depot  
  20  1:57  SCV  
  21  2:03  Marine  
  22  2:09  SCV, Factory  
  22  2:14  Refinery  
  23  2:21  SCV  
  24  2:25  Barracks Reactor  
  24  2:33  SCV  
  25  2:40  Engineering Bay  
  25  2:45  SCV  
  26  2:57  SCV  
  27  3:01  Orbital Command  
  27  3:03  Starport  
  27  3:09  SCV  
  27  3:10  Hellion x2  
  32  3:13  Barracks Tech Lab  
  32  3:22  SCV  
  33  3:31  SCV  
  33  3:33  Hellion  
  33  3:34  Marine, SCV, Hellion, Stimpack  
  40  3:43  SCV  
  40  3:44  Medivac  
  40  3:45  Supply Depot  
  40  3:46  SCV  
  44  3:55  Hellion  
  46  4:06  SCV x2  
  46  4:07  Supply Depot, Hellion  
  46  4:09  Supply Depot  
  50  4:12  Liberator  
  50  4:15  Marine  
  51  4:18  SCV x2, Armory  
  53  4:29  Hellion  
  53  4:30  SCV  
  59  4:32  Marine  
  59  4:33  Supply Depot  
  59  4:34  SCV  
  61  4:43  SCV  
  61  4:52  SCV  
  57  4:58  SCV  
  56  5:04  SCV  
  57  5:10  Marine, Command Center, SCV  
  59  5:18  SCV  
  60  5:22  Hellion x2  
  60  5:23  Starport Reactor, SCV  
  65  5:28  Marine  
  65  5:34  Combat Shield  
  55  5:43  SCV  
  55  5:46  Marine  
  55  5:48  SCV  
  54  5:56  SCV  
  38  6:00  SCV, Barracks  
  38  6:01  Barracks  
  38  6:04  Marine, Factory Tech Lab  
  36  6:08  SCV  
  36  6:10  Starport Reactor  
  38  6:12  SCV, Supply Depot  
  39  6:20  SCV  
  39  6:22  Marine  
  39  6:24  Siege Tank  
  40  6:27  SCV  
  40  6:32  SCV  
  40  6:39  Marine, SCV  
  40  6:44  SCV  
  40  6:50  Marine x2  
  40  6:51  SCV  
  43  6:57  Marine, SCV, Supply Depot  
  43  6:59  Marine x2  
  50  7:03  SCV  
Show
View Real Time Build Order
Export as new Build Order

Zanster Zerg - Winner!

Build Orders: Hatch First 

Get SALT Encoding   

  12  0:00  Drone  
  13  0:13  Overlord  
  13  0:17  Drone  
  14  0:31  Drone x2  
  16  0:49  Hatchery  
  15  0:51  Drone  
  15  0:56  Drone  
  17  0:58  Drone  
  18  1:10  Extractor  
  17  1:14  Spawning Pool  
  17  1:16  Drone  
  17  1:19  Drone  
  18  1:29  Drone  
  19  1:39  Drone  
  20  1:50  Drone  
  21  2:01  Queen x2  
  21  2:03  Zergling x2  
  21  2:05  Zergling x2  
  27  2:22  Overlord, Extractor  
  26  2:23  Drone  
  26  2:24  Drone  
  29  2:40  Queen  
  29  2:41  Extractor  
  29  2:44  Drone x5  
  35  2:45  Metabolic Boost  
  34  2:54  Overlord  
  34  2:56  Drone  
  36  3:19  Drone x6  
  42  3:26  Overlord, Queen  
  42  3:28  Hatchery  
  42  3:29  Drone  
  43  3:35  Overlord  
  43  3:52  Zergling x12  
  49  3:59  Overlord  
  51  4:04  Zergling x8  
  51  4:07  Queen  
  51  4:08  Lair  
  55  4:12  Extractor  
  55  4:14  Extractor  
  55  4:15  Drone x2  
  55  4:19  Drone  
  55  4:20  Drone  
  55  4:21  Drone  
  58  4:25  Overlord  
  58  4:29  Spore Crawler  
  58  4:30  Zergling x4  
  60  4:31  Drone x2  
  60  4:35  Drone  
  62  4:39  Drone  
  62  4:40  Drone  
  62  4:44  Queen  
  62  4:45  Queen  
  67  4:46  Baneling Nest  
  67  4:49  Drone  
  67  4:51  Drone  
  67  4:52  Drone  
  64  5:03  Drone  
  64  5:04  Zergling x14  
  72  5:08  Spire, Extractor  
  72  5:10  Zergling x2  
  72  5:12  Zergling x2  
  72  5:16  Zergling x2  
  72  5:21  Overlord  
  72  5:25  Zergling x4  
  75  5:28  Zergling x6  
  75  5:32  Overlord  
  75  5:33  Baneling x6  
  74  5:47  Drone x6  
  69  5:58  Drone x4  
  69  6:01  Drone x2  
  69  6:03  Drone  
  74  6:08  Drone x4  
  76  6:12  Drone  
  76  6:14  Extractor  
  76  6:15  Extractor  
  71  6:27  Mutalisk x5  
  71  6:29  Overlord  
  77  6:36  Mutalisk, Evolution Chamber  
  77  6:37  Evolution Chamber  
  77  6:42  Overlord  
  75  6:52  Drone x7  
  81  6:55  Drone x2  
  81  6:57  Drone  
  81  6:58  Hatchery  
  81  7:00  Drone  
  81  7:01  Drone  
  85  7:03  Zergling x4  
Tags
 
Add a new tag
Caveats
  • Supply blocks, unpowered buildings, or Contaminate may cause inaccurate times.
  • Supply counts are checked every 10 seconds.